 Dungeon Crawl Stone Soup version 0.31-a0-801-gc67433417a (webtiles) character file.

Game seed: 2524808678885271606

95 Ivernyr the Slasher (level 4, -2/23 HPs)
             Began as a Vine Stalker Gladiator on Sept 20, 2023.
             Slain by a gnoll
             ... wielding a +0 whip
              (5 damage)
             ... on level 2 of the Dungeon.
             The game lasted 00:02:34 (1661 turns).

Ivernyr the Slasher (Vine Stalker Gladiator)        Turns: 1661, Time: 00:02:35

Health: -2/23      AC:  4    Str: 17    XL:     4   Next: 65%
Magic:  0/5        EV: 12    Int:  8    God:
Gold:   87         SH:  0    Dex: 17    Spells: 3/3 levels left

rFire   . . .        a - +0 long sword
rCold   . . .        (no shield)
rNeg    . . .        b - +0 leather armour
rPois   .            c - +0 helmet
rElec   .            (no cloak)
rCorr   .            (no gloves)
SInv    .            (no boots)
Will    .....        (no amulet)
Stlth   +            (no ring)
HPRegen 1.03/turn    (no ring)
MPRegen 0.09/turn

%: guardian spirit
@: no status effects
A: fangs 2, regeneration 1, magic shield, antimagic bite, no potion heal 2
a: no special abilities


You were on level 2 of the Dungeon.
You visited 1 branch of the dungeon, and saw 2 of its levels.

You collected 87 gold pieces.

Inventory:

Hand Weapons
 a - a +0 long sword (weapon)
Missiles
 d - 5 throwing nets (quivered)
 e - a javelin
Armour
 b - a +0 leather armour (worn)
 c - a +0 helmet (worn)
Scrolls
 h - a scroll of enchant weapon {unknown}
 i - 2 scrolls of identify {unknown}
 j - 3 scrolls of fog {unknown}
 n - a scroll of noise {unknown}
 o - a scroll of revelation {unknown}
Potions
 f - 2 potions of might {unknown}
 g - a potion of mutation {unknown}
 k - a potion of brilliance {unknown}
 l - 3 potions of ambrosia {unknown}
 m - 2 potions of magic {unknown}
 p - a potion of curing {unknown}


   Skills:
 + Level 2.4 Fighting
 * Level 3.6 Long Blades
 - Level 1.7 Throwing
 + Level 1.2 Armour
 + Level 2.9 Dodging


You had 3 spell levels left.
You didn't know any spells.
Your spell library contained the following spells:

 Spells                   Type           Power      Damage    Failure   Level
 Magic Dart               Conj           0%         1d3       45%         1
 Searing Ray              Conj           0%         2d4       61%         2
 Gell's Gravitas          Tloc           0%         N/A       83%         3
 Teleport Other           Tloc           0%         N/A       83%         3
 Fulminant Prism          Conj/Hex       0%         3d5       99%         4
 Dispersal                Tloc           0%         N/A       100%        6


Dungeon Overview and Level Annotations

Branches:
Dungeon (2/15)

Altars:


Innate Abilities, Weirdness & Mutations

You have extremely sharp teeth.
Your natural rate of healing is unusually fast.
When hurt, damage is shared between your health and your magic reserves.
Your bite disrupts and absorbs the magic of your enemies.
Potions cannot restore your health.


Message History

The gnoll is almost dead.
The gnoll hits you with a +0 whip.
You completely miss the gnoll.
The gnoll is almost dead.
The gnoll hits you with a +0 whip. x2
You slash the gnoll!
You kill the gnoll!
You hit the gnoll.
The gnoll is lightly wounded.
The gnoll closely misses you. The gnoll misses you.
You barely miss the gnoll.
The gnoll is lightly wounded.
The gnoll closely misses you. The gnoll barely misses you.
You hit the gnoll.
The gnoll is moderately wounded.
The gnoll closely misses you.
The gnoll hits you from afar with a +0 spear.
The gnoll hits you with a +0 whip. The gnoll barely misses you.
You hit the gnoll. Your bite misses the gnoll.
The gnoll is severely wounded.
The gnoll barely misses you.
The gnoll hits you from afar with a +0 spear.
* * * LOW HITPOINT WARNING * * *
The gnoll attacks as it pursues you! The gnoll barely misses you.
The gnoll attacks as it pursues you! The gnoll barely misses you.
The gnoll attacks as it pursues you! The gnoll hits you but does no damage.
The gnoll attacks as it pursues you! The gnoll hits you with a +0 whip.
The gnoll attacks as it pursues you! The gnoll completely misses you.
The gnoll attacks as it pursues you! The gnoll hits you with a +0 whip.
The gnoll attacks as it pursues you! The gnoll hits you with a +0 whip.
* * * LOW HITPOINT WARNING * * *
The gnoll attacks as it pursues you! The gnoll hits you but does no damage.
The gnoll attacks as it pursues you! The gnoll hits you with a +0 whip.
* * * LOW HITPOINT WARNING * * *
The gnoll attacks as it pursues you! The gnoll hits you with a +0 whip.
* * * LOW HITPOINT WARNING * * *
The gnoll attacks as it pursues you! The gnoll hits you with a +0 whip.
* * * LOW HITPOINT WARNING * * *
The gnoll attacks as it pursues you! The gnoll hits you with a +0 whip.
You die...

### #.################
#................#
#.##############.# #.#.. ..#.#
#.#.##########.#.#
#.#.#.......##.#.#
#.#.....###.##.#.# #.#@..#.#
#.##.#.# #######
#.#g.[#.###[##.#.# ...>..##
#.#.#.#...#.##)#.#
###.#..#######.#.#.###.#.##.#.###
#.##.#.......#g#.###'#....#....
#.##.........#.#.##.......#####
#.###........#.#+##[......+ #.#
##....................# ### #.#
#....................# ...


You could see 2 gnolls.

Vanquished Creatures
  3 gnolls
  An adder (D:2)
  A worm (D:2)
  A dart slug (D:2)
  5 ball pythons
  5 bats
  3 endoplasms
  4 giant cockroaches
  5 goblins
  5 hobgoblins
  4 kobolds (D:1)
  3 quokkas
  4 frilled lizards
  5 rats
49 creatures vanquished.

Notes
Turn   | Place    | Note
-------+----------+-------------------------------------------
     0 | D:1      | Ivernyr the Vine Stalker Gladiator began the quest for the
                  | Orb.
     0 | D:1      | Reached XP level 1. HP: 11/11 MP: 2/2
   252 | D:1      | Reached XP level 2. HP: 15/15 MP: 1/3
   313 | D:1      | Found a faded altar of an unknown god.
   365 | D:1      | Reached skill level 3 in Long Blades
   468 | D:1      | Reached XP level 3. HP: 18/18 MP: 4/4
  1135 | D:2      | Reached skill level 1 in Armour
  1175 | D:2      | Reached XP level 4. HP: 23/23 MP: 5/5
  1661 | D:2      | Slain by a gnoll

Illustrated notes

Levels and vault maps discovered:
D:1:      lightli_arrival_boilingwater, layout_loops_corners,
          hellmonk_ecumenical_altar_arch_garden
D:2:      cheibrodos_helix_gallery, layout_basic

Skill      XL: |  1  2  3 |
---------------+----------+-----
Fighting       | 2 |  2.4
Long Blades    | 3 |  3.6
Armour         | 1 |  1.2
Throwing       | |  1.7
Dodging        | |  2.9

Action                     |  1- 3 |  4- 6 || total
---------------------------+-------+-------++-------
  Melee: Long sword        |    82 |    45 ||   127
         Bite              |    20 |    12 ||    32
         Punch             |       |     1 ||     1
 Armour: Leather armour    |    61 |    30 ||    91
  Dodge: Dodged            |    46 |    34 ||    80

Table legend: (Time is in decaauts)
 A = Elapsed time spent in this place.
 B = Non-inter-level travel time spent in this place.
 C = Inter-level travel time spent in this place.
 D = Time resting spent in this place.
 E = Time spent auto-exploring this place.
 F = Levels seen in this place.
 G = Mean time per level.
                   A        B        C        D        E       F      G
               +--------+--------+--------+--------+--------+-----+--------+
         Total |   1696 |   1653 |     43 |      0 |   1255 |   2 |  848.0 |
       Dungeon |   1696 |   1653 |     43 |      0 |   1255 |   2 |  848.0 |
               +--------+--------+--------+--------+--------+-----+--------+

Top non-repeatable levels by time:
     D:1: 951 daAuts
     D:2: 745 daAuts
